 Dungeon Crawl Stone Soup version 0.29.1-1-gd02db6906a (webtiles) character file.

Game seed: 12996115255877950342

44 LustLizard the Shooter (level 3, 20/20 HPs)
             Began as a Deep Elf Arcane Marksman on Oct 12, 2022.
             Quit the game on level 3 of the Dungeon.
             The game lasted 00:06:13 (3131 turns).

LustLizard the Shooter (Deep Elf Arcane Marksman)   Turns: 3131, Time: 00:06:14

Health: 20/20      AC:  2    Str: 15    XL:     3   Next: 39%
Magic:  14/17      EV: 12    Int: 19    God:
Gold:   109        SH:  0    Dex: 15    Spells: 0/7 levels left

rFire   . . .      SeeInvis .   a - +1 sling
rCold   . . .      Faith    .   (no shield)
rNeg    + . .      Spirit   .   c - +0 robe
rPois   +          Reflect  .   (no helmet)
rElec   .          Harm     .   (no cloak)
rCorr   +          Rampage  .   (no gloves)
Will    .....                   (no boots)
Stlth   +.........              (no amulet)
HPRegen 0.06/turn               f - ring of Minog {rPois rN+ rCorr MP+9 Str+8 Slay-5}
MPRegen 0.15/turn               (no ring)

@: no status effects
A: no striking features
a: no special abilities


You were on level 3 of the Dungeon.
You visited 1 branch of the dungeon, and saw 3 of its levels.

You collected 109 gold pieces.

Inventory:

Hand Weapons
 a - a +1 sling (weapon)
Missiles
 q - 3 poisoned darts
Armour
 c - a +0 robe (worn)
Jewellery
 f - the ring of Minog (left hand) {rPois rN+ rCorr MP+9 Str+8 Slay-5}
   (You acquired it on level 2 of the Dungeon)

   [ring of magical power]

   Str:       It affects your strength (+8).
   Slay:      It affects your accuracy & damage with ranged weapons and melee
   (-5).
   rPois:     It protects you from poison.
   rN:        It protects you from negative energy.
   MP:        It affects your magic capacity (+9).
   rCorr:     It protects you from acid and corrosion.
Scrolls
 b - a scroll of poison
 e - 3 scrolls of teleportation
 g - 2 scrolls of amnesia {unknown}
 i - 2 scrolls of magic mapping {unknown}
 m - a scroll of noise {unknown}
 n - 2 scrolls of identify {unknown}
 o - a scroll of fear {unknown}
 p - a scroll of enchant weapon {unknown}
Potions
 d - a potion of curing {unknown}
 h - a potion of attraction {unknown}
 j - a potion of berserk rage {unknown}
 k - a potion of heal wounds {unknown}
 l - 2 potions of haste {unknown}
 r - a potion of resistance {unknown}
 s - a potion of might {unknown}


   Skills:
 + Level 1.4 Fighting
 * Level 4.1 Ranged Weapons
 - Level 2.4 Dodging
 + Level 2.6 Spellcasting
 - Level 4.0 Hexes


You couldn't memorise any spells.
You knew the following spells:

 Your Spells              Type           Power      Damage    Failure   Level
a - Slow                  Hex            68%        N/A       3%          1
b - Inner Flame           Hex/Fire       10%        N/A       22%         3
c - Portal Projectile     Hex/Tloc       20%        N/A       22%         3

Your spell library contained the following spells:

 Spells                   Type           Power      Damage    Failure   Level
 Confusing Touch          Hex            17%        N/A       9%          3
 Sublimation of Blood     Necr           2%         N/A       24%         2
 Cause Fear               Hex            8%         N/A       30%         4
 Vampiric Draining        Necr           2%         2d6       43%         3
 Petrify                  Tmut/Erth      2%         N/A       85%         4
 Irradiate                Conj/Tmut      1%         3d12      99%         5


Dungeon Overview and Level Annotations

Branches:
Dungeon (3/15)

Altars:


Message History

You shoot a sling bullet.
The sling bullet barely misses the worm.
You shoot a sling bullet. The sling bullet hits the worm.
The worm is lightly wounded.
You shoot a sling bullet.
The sling bullet barely misses the worm.
Your magical contamination has completely faded away.
You shoot a sling bullet. The sling bullet hits the worm.
The worm is moderately wounded.
You shoot a sling bullet. The sling bullet hits the worm.
The worm is heavily wounded.
You shoot a sling bullet. The sling bullet hits the worm.
The worm is heavily wounded.
You shoot a sling bullet.
The sling bullet barely misses the worm.
You shoot a sling bullet.
The sling bullet hits the worm but does no damage.
The worm is moderately wounded.
You shoot a sling bullet.
The sling bullet hits the worm but does no damage.
The worm is moderately wounded.
You shoot a sling bullet.
The sling bullet hits the worm but does no damage.
The worm is moderately wounded.
You shoot a sling bullet.
The sling bullet barely misses the worm.
You shoot a sling bullet.
The sling bullet barely misses the worm.
The worm is no longer moving slowly.
Casting: Slow (safe; 3% risk of failure)
Confirm with . or Enter, or press ? or * to list all spells.
The spell is extremely dangerous to miscast (22% risk of failure)!
Continue anyway?
Aiming: Inner Flame (extremely dangerous; 22% risk of failure)
Press: ? - help, Dir - move target, f/p - worm
Aim: a worm (lightly wounded, chance to affect: 68%)
The worm is filled with an inner flame.
Saving game... please wait.
Welcome back, LustLizard the Deep Elf Arcane Marksman.
Press ? for a list of commands and other information.
Are you sure you want to abandon this character and quit the game? (Confirm with "yes".)

################
............w.@#
##############.#
#.# #†# #.# #.#
#.# #.# #.#


You could see a worm (inner flame).

Vanquished Creatures
  A dart slug (D:2)
  An orc (D:3)
  3 giant cockroaches
  5 goblins
  4 hobgoblins
  2 jackals (D:1)
  5 ball pythons
  7 bats
  4 frilled lizards
  4 kobolds
  3 rats
39 creatures vanquished.

Notes
Turn   | Place    | Note
-------+----------+-------------------------------------------
     0 | D:1      | LustLizard the Deep Elf Arcane Marksman began the quest for
                  | the Orb.
     0 | D:1      | Reached XP level 1. HP: 11/11 MP: 5/5
   109 | D:1      | Reached skill level 1 in Fighting
   284 | D:1      | Reached XP level 2. HP: 16/16 MP: 7/7
   779 | D:2      | Identified a scroll of acquirement
   779 | D:2      | Acquired the ring of Minog {rPois rN+ rCorr MP+9 Str+8
                  | Slay-5}
   942 | D:2      | Found a faded altar of an unknown god.
  1765 | D:1      | Reached XP level 3. HP: 8/20 MP: 8/8
  2077 | D:2      | Learned a level 3 spell: Inner Flame
  2783 | D:2      | Learned a level 3 spell: Portal Projectile
  3131 | D:3      | Quit the game

Illustrated notes

Levels and vault maps discovered:
D:1:      scummos_arrival_simple_fountains, layout_loops_ring, minmay_cupped
D:2:      layout_basic, chequers_ecumenical_altar_simple_redux
D:3:      layout_basic, grunt_ministairs_13, nrook_campfire

Skill      XL: |  1  2  3 |
---------------+----------+-----
Ranged Weapons | 3 4 |  4.1
Fighting       | 1 |  1.4
Spellcasting   | 2 |  2.6
Dodging        | |  2.4
Hexes          | |  4.0

Action                   || total
-------------------------++-------
 Fire: Sling             ||   310
 Cast: Slow              ||    14
       Portal Projectile ||     2
       Inner Flame       ||     1
  Use: Scroll            ||     2
Armor: Robe              ||    32
Dodge: Dodged            ||    82
